 Dungeon Crawl Stone Soup version 0.18-a0-1764-gf4ddf0b (webtiles) character file.

58 M4edhros the Sneak (level 4, 0/39 HPs)
             Began as an Ogre Wanderer on Apr 13, 2016.
             Succumbed to an adder's poison
             ... on level 2 of the Dungeon.
             The game lasted 00:03:04 (2400 turns).

M4edhros the Sneak (Ogre Wanderer)                  Turns: 2400, Time: 00:03:05

Health: 0/39       AC:  4    Str: 13 (14) XL:     4   Next: 1%
Magic:  5/5        EV:  9    Int:  9 (11) God:
Gold:   69         SH:  0    Dex: 12 (13) Spells: 0 memorised, 5 levels left

rFire  . . .     SeeInvis .     i - +1 dagger (freeze)
rCold  . . .     Gourm    .     d - +1 robe
rNeg   . . .     Faith    .     (no shield)
rPois  .         Spirit   .     (helmet restricted)
rElec  .         Dismiss  .     (no cloak)
rCorr  .         Reflect  .     (gloves unavailable)
SustAt .         Harm     .     (boots unavailable)
MR     .....     Clarity  +     (no amulet)
Stlth  ++........               (no ring)
                                (no ring)

@: lethally poisoned (0 -> -3), not resistant to hostile enchantments,
unstealthy
A: unfitting armour, clarity, deterioration 1, frail 1, tough skin 1
a: no special abilities


You were on level 2 of the Dungeon.
You were hungry.

You visited 1 branch of the dungeon, and saw 3 of its levels.

You collected 69 gold pieces.

Inventory:

Hand Weapons
 e - a +0 club
 f - a +0 dagger
 i - a +1 dagger of freezing (weapon)
Missiles
 j - 12 stones (quivered)
Armour
 d - a +1 robe (worn)
Scrolls
 n - 3 scrolls of remove curse
Books
 a - a book of Maledictions

   Spells                             Type                      Level
   a - Corona                         Hexes                        1
   b - Ensorcelled Hibernation        Hexes/Ice                    2
   c - Confuse                        Hexes                        3
   d - Tukima's Dance                 Hexes                        3
   e - Dazzling Spray                 Conjuration/Hexes            3
 b - Keadefe's Tome of Lightness

   Spells                             Type                      Level
   a - Repel Missiles                 Charms/Air                   2
   b - Swiftness                      Charms/Air                   2
 c - the Compendium of Dark Magic

   Spells                             Type                      Level
   a - Corpse Rot                     Necromancy                   2
   b - Sublimation of Blood           Necromancy                   2
Comestibles
 g - 3 bread rations
 l - 2 meat rations
 o - 3 fruits


   Skills:
 - Level 2.6 Fighting
 - Level 2.0 Throwing
 - Level 1.0 Dodging
 + Level 3.6 Stealth
 - Level 1.2 Spellcasting
   Level 1.3 Hexes


You had 5 spell levels left.
You didn't know any spells.

Dungeon Overview and Level Annotations

Branches:
Dungeon (3/15)

Altars:
Qazlal


Innate Abilities, Weirdness & Mutations

You are too large for most types of armour.
You have tough skin (AC +1).
You possess an exceptional clarity of mind.
Your body sometimes deteriorates upon taking damage.
You are frail (-10% HP).


Message History

Enchant which item? (? for menu, Esc to quit)
Your +0 robe glows green for a moment.
Read which item? (? for menu, Esc to quit)
As you read the scroll labeled JUETHR RUCOGGO, it crumbles to dust.
You assume a fearsome visage.
Nothing appears to happen.
It was a scroll of fear.
Your surroundings suddenly seem different.
Read which item? (? for menu, Esc to quit)
As you read the scroll labeled CAJYHI KOROPHA, it crumbles to dust.
Your brain hurts!
It was a scroll of random uselessness.
* * * LOW HITPOINT WARNING * * *
You feel sick.
Read which item? (? for menu, Esc to quit)
As you read the scroll labeled MEUBUX ZEOH, it crumbles to dust.
You feel aware of your surroundings.
You sensed 1 altar.
It was a scroll of magic mapping.
Read which item? (? for menu, Esc to quit)
As you read the scroll labeled PUPLICZE POSEO, it crumbles to dust.
You feel blessed for a moment.
It was a scroll of remove curse.
You die...

######### #.......######
#.#####..)...#
#.#.....####.# #.#.....#
#.# #@#(.##.## #.##
#.#..#...###..#
#......_......#
#..###...#..#.##
########.# ##.##..#..#
#........# #.....#..###
#.#####..####.....#.....
#.# #.......#####..##.
#.# ##.#.###.##.##..##.


There were no monsters in sight!

Vanquished Creatures
  2 adders (D:2)
  A worm (D:2)
  2 giant geckos (D:1)
  4 giant cockroaches
  4 goblins
  2 hobgoblins (D:1)
  2 jackals (D:1)
  3 kobolds
  A quokka (D:2)
  9 bats
  2 giant newts (D:1)
  2 rats (D:1)
34 creatures vanquished.

Notes
Turn   | Place    | Note
--------------------------------------------------------------
     0 | D:1      | M4edhros the Ogre Wanderer began the quest for the Orb.
     0 | D:1      | M4edhros set off with: a book of Maledictions, Keadefe's Tome of Lightness, the Compendium of Dark Magic, a +0 robe, a +0 club, a +0 dagger, a bread ration
     0 | D:1      | Reached XP level 1. HP: 22/22 MP: 2/2
     0 | D:1      | Identified Keadefe's Tome of Lightness
     0 | D:1      | Identified the Compendium of Dark Magic
    15 | D:1      | Gained mutation: Your body sometimes deteriorates upon taking damage. [potion of mutation]
    15 | D:1      | Gained mutation: You possess an exceptional clarity of mind. [potion of mutation]
    15 | D:1      | Gained mutation: You are frail (-10% HP). [potion of mutation]
    87 | D:1      | Reached skill level 2 in Stealth
   379 | D:1      | Reached XP level 2. HP: 26/26 MP: 3/3
   810 | D:1      | Reached skill level 3 in Stealth
   810 | D:1      | Reached XP level 3. HP: 31/32 MP: 4/4
  1848 | D:2      | Found a stormy altar of Qazlal.
  2394 | D:2      | Reached XP level 4. HP: 2/39 MP: 5/5
  2395 | D:2      | HP: 1/39 [poisoned by an adder]
  2400 | D:2      | Succumbed to an adder's poison

Vault maps used:
D:1:      scummos_arrival_simple_crosswalls
D:2:      marbit_many_paths, nicolae_overflow_crystal_walls
D:3:      first_bread, dk_noncrumbling_3

Skill      XL: |  1  2 |
---------------+-------+-----
Stealth        | 2 3 |  3.6
Fighting       | |  2.6
Throwing       | |  2.0
Dodging        | |  1.0
Spellcasting   | |  1.2
Hexes          | |  1.3

Action                   |  1- 3 |  4- 6 || total
-------------------------+-------+-------++-------
Melee: Dagger            |   144 |       ||   144
       Club              |     5 |       ||     5
  Use: Potion            |     4 |       ||     4
       Scroll            |       |     6 ||     6
  Eat: Chunk             |     4 |       ||     4
Armor: Robe              |    45 |       ||    45
Dodge: Dodged            |    72 |       ||    72
